 Dungeon Crawl Stone Soup version 0.25-a0-663-gace7076 (webtiles) character file.

Game seed: 16582316221512939833, levelgen mode: deterministic

718 MrTaco21 the Basher (level 7, -2/41 HPs)
             Began as a Gargoyle Fighter on Mar 24, 2020.
             Killed by divine providence
             ... invoked by an orc priest
              (12 damage)
             ... on level 4 of the Dungeon.
             The game lasted 00:07:00 (4256 turns).

MrTaco21 the Basher (Gargoyle Fighter)              Turns: 4256, Time: 00:07:01

Health: -2/41      AC: 13    Str: 22    XL:     7   Next: 70%
Magic:  7/7        EV:  7    Int:  8    God:
Gold:   236        SH:  9    Dex:  9    Spells: 6/6 levels left

rFire    . . .     SeeInvis +   a - +0 flail
rCold    . . .     Gourm    .   c - +0 kite shield
rNeg     + . .     Faith    .   b - +0 scale mail
rPois    ∞         Spirit   .   y - +2 hat
rElec    +         Reflect  .   (no cloak)
rCorr    .         Harm     .   (no gloves)
MR       .....                  (no boots)
Stlth    ..........             (no amulet)
HPRegen  0.13/turn              z - ring of see invisible
MPRegen  0.10/turn              (no ring)

@: no status effects
A: negative energy resistance 1, electricity resistance, unbreathing,
petrification resistance, rot immunity, AC +4
a: no special abilities


You were on level 4 of the Dungeon.
You were not hungry.

You visited 1 branch of the dungeon, and saw 4 of its levels.
You also visited: Sewer.

You collected 236 gold pieces.

Inventory:

Hand Weapons
 a - a +0 flail (weapon)
Missiles
 x - 10 poisoned darts (quivered)
Armour
 b - a +0 scale mail (worn)
 c - a +0 kite shield (worn)
 y - a +2 hat (worn)
   (You found it on level 4 of the Dungeon)
Jewellery
 z - a ring of see invisible (left hand)
   (You found it on level 4 of the Dungeon)
Scrolls
 f - 2 scrolls of identify {@r1}
 g - 3 scrolls of blinking {unknown}
 k - a scroll of amnesia
 n - 3 scrolls of teleportation {unknown}
 p - a scroll of random uselessness {unknown}
 q - 2 scrolls of fog {unknown}
 s - a scroll of noise {unknown}
 t - 4 scrolls of remove curse {unknown}
 w - a scroll of fear {unknown}
Potions
 d - 2 potions of might
 h - a potion of cancellation {unknown}
 i - 2 potions of lignification {unknown}
 j - a potion of berserk rage {unknown}
 l - a potion of degeneration {unknown}
 m - 3 potions of curing {unknown}
 r - a potion of stabbing {unknown}
 u - a potion of brilliance {unknown}
 v - a potion of magic {unknown}
 A - a potion of heal wounds {unknown}
Comestibles
 e - 6 rations {!d}


   Skills:
 - Level 3.2 Fighting
 + Level 8.5 Maces & Flails
 - Level 3.2 Armour
 - Level 3.2 Shields


You had 6 spell levels left.
You didn't know any spells.
Your spell library was empty.

Dungeon Overview and Level Annotations

Branches:
Dungeon (4/15)              Sewer (visited)
 Temple: D:4-7

Altars:
Makhleb
Xom


Innate Abilities, Weirdness & Mutations

You are resistant to torment.
Your stone body is resilient. (AC +4)
You are immune to poison.
You resist negative energy. (rN+)
You are resistant to electric shocks. (rElec)
You can survive without breathing.
You are immune to petrification.
You are immune to rotting.


Message History

o - a chunk of flesh
Things that are here:
a +0 dagger; a +0 leather armour; an orc skeleton
Things that are here:
a +0 dagger; a +0 leather armour; an orc skeleton Eating a chunk of flesh.
You eat the chunk of flesh.
An orc comes into view. It is wielding a +0 short sword.
The orc shouts!
You hear a shout! x2
An orc and an orc priest come into view.
The orc shouts!
The orc priest shouts!
The orc hits you with a +0 short sword.
You hit the orc. You hit the orc. The orc hits you but does no damage.
You block the orc priest's attack.
You hit the orc but do no damage. You block the orc's attack.
You block the orc priest's attack.
You sock the orc!
You kill the orc!
You barely miss the orc.
The orc priest invokes the aid of Beogh against you.
Beogh smites you!
Your shield prevents you from hitting the orc.
You block the orc's attack.
The orc priest invokes the aid of Beogh against you.
Beogh smites you!
* * * LOW HITPOINT WARNING * * *
The orc priest hits you but does no damage.
The orc hits you with a +0 short sword.
* * * LOW HITPOINT WARNING * * *
Found a whip.
Found a burning altar of Makhleb.
You hit the orc priest but do no damage.
The orc priest hits you with a +0 whip.
* * * LOW HITPOINT WARNING * * *
The orc hits you but does no damage.
Unknown command.
Your shield and scale mail prevent you from hitting the orc priest.
The orc priest closely misses you. The orc hits you but does no damage.
You closely miss the orc priest. You block the orc priest's attack.
The orc hits you but does no damage.
Unknown command.
You hit the orc priest but do no damage.
The orc priest hits you but does no damage.
The orc hits you but does no damage.
Unknown command.
You closely miss the orc priest. The orc priest hits you with a +0 whip.
* * * LOW HITPOINT WARNING * * *
The orc hits you but does no damage.
The orc priest invokes the aid of Beogh against you.
Beogh smites you!
You die...

.#.##
.#..#
....
.##.#
##..
.##.#
#!._
.##.# ...
.##.# ..#
.##.# #.#
.##.# #o#
###.#
#@### #.#
#o..# #.#
###.#
#.### #.#
#...#.#
#.# #
###.#.#
#######.#
# #.#.#
#.......#
# #.#.#
#.#######
# #.#.#
#.#


You could see an orc priest and an orc.

Vanquished Creatures
  Purgy (Sewer)
  An ogre (D:4)
  A bullfrog (D:3)
  A scorpion (D:4)
  2 hounds (D:4)
  An orc priest (D:4)
  An iguana (D:4)
  An orc wizard (D:4)
  2 worker ants (D:4)
  A worker ant zombie (D:3)
  Robin (D:2)
  10 adders
  An ooze (D:2)
  3 worms
  4 dart slugs
  6 leopard geckos
  7 orcs
  11 bats
  5 giant cockroaches
  8 goblins
  10 hobgoblins
  4 jackals (D:1)
  2 quokkas
  A ball python (Sewer)
  10 frilled lizards
  A jackal skeleton (D:4)
  11 kobolds
  2 leopard gecko skeletons (D:4)
  4 rats
113 creatures vanquished.

Vanquished Creatures (others)
  An adder (D:2)
1 creature vanquished.

Grand Total: 114 creatures vanquished

Notes
Turn   | Place    | Note
-------+----------+-------------------------------------------
     0 | D:1      | MrTaco21 the Gargoyle Fighter began the quest for the Orb.
     0 | D:1      | Reached XP level 1. HP: 14/14 MP: 1/1
    91 | D:1      | Reached XP level 2. HP: 9/19 MP: 2/2
   433 | D:1      | Reached skill level 3 in Maces & Flails
   851 | D:2      | Reached XP level 3. HP: 15/23 MP: 3/3
  1122 | D:2      | Noticed Robin
  1131 | D:2      | Killed Robin
  1131 | D:2      | Reached skill level 4 in Maces & Flails
  1138 | D:2      | Reached XP level 4. HP: 24/28 MP: 4/4
  1793 | D:3      | Reached skill level 5 in Maces & Flails
  1793 | D:3      | Reached XP level 5. HP: 31/32 MP: 5/5
  2138 | D:3      | Reached skill level 6 in Maces & Flails
  2155 | D:3      | Found a glowing drain.
  2169 | D:3      | Reached XP level 6. HP: 26/37 MP: 6/6
  2212 | Sewer    | Entered a sewer
  2531 | Sewer    | Noticed Purgy
  2565 | Sewer    | Killed Purgy
  3217 | D:4      | Reached skill level 7 in Maces & Flails
  3418 | D:4      | Reached XP level 7. HP: 17/41 MP: 7/7
  3721 | D:4      | Found a shimmering altar of Xom.
  3816 | D:4      | Reached skill level 8 in Maces & Flails
  4251 | D:4      | Found a burning altar of Makhleb.
  4256 | D:4      | Killed from afar by an orc priest

Levels and vault maps discovered:
D:1:      mainiacjoe_arrival_reflecting_pool, layout_loops_ring,
          chequers_serial_rivers_room_b
D:2:      layout_rooms, first_ration, lemuel_another_geyser, uniq_robin
D:3:      layout_basic, portal_sewer_entry_a
D:4:      layout_loops_ring, bloody_makhleb, corexii_corridor_pit,
          dk_xom_monty_hall

Skill      XL: |  1  2  3  4  5  6  7 |
---------------+----------------------+-----
Maces & Flails | 3 4 5 6 7 8 |  8.5
Fighting       | |  3.2
Armour         | |  3.2
Shields        | |  3.2

Action                   |  1- 3 |  4- 6 |  7- 9 || total
-------------------------+-------+-------+-------++-------
Melee: Flail             |   117 |   351 |   108 ||   576
  Use: Scroll            |       |     2 |       ||     2
  Eat: Chunk             |     1 |     5 |     3 ||     9
       Ration            |       |     1 |       ||     1
Armor: Scale mail        |    78 |   330 |    61 ||   469
Dodge: Dodged            |    38 |   152 |    23 ||   213
Block: Kite shield       |    70 |   237 |    40 ||   347

Table legend:
 A = Non-vault XP
 B = Vault XP
 C = Vault XP percentage of total XP
 D = Non-vault monster count
 E = Vault monster count
 F = Vault count percentage of total count
                 A         B        C        D         E       F
            +---------+---------+-------+---------+---------+-------
      Total |     813 |     213 |  20.8 |      95 |      18 |  15.9
            +---------+---------+-------+---------+---------+-------
        D:1 |      33 |       0 |   0.0 |      18 |       0 |   0.0
        D:2 |      76 |      26 |  25.5 |      25 |       8 |  24.2
        D:3 |     193 |      10 |   4.9 |      25 |       2 |   7.4
        D:4 |     511 |       0 |   0.0 |      27 |       0 |   0.0
      Sewer |       0 |     177 | 100.0 |       0 |       8 | 100.0
            +---------+---------+-------+---------+---------+-------
